Map: Nightshade LE

Players

Future

  • Race: Terran Terran
  • Spawn Location: 11:00

Epic - Winner!

  • Race: Terran Terran
  • League: Master
  • Spawn Location: 5:00

Event: Cheeseadelphia XI, Cheeseadelphia XI

VOD

Have the link to the VOD?

Description

Time

  • Played on: Dec. 15, 2019, 10:02 a.m.
  • Length: 7:18

All games in this series

Show
View Real Time Build Order
Export as new Build Order

Future Terran 

Build Orders: Gas First Reaper Expand 

Get SALT Encoding   

  12  0:00  SCV  
  13  0:12  SCV  
  14  0:17  Supply Depot  
  14  0:24  SCV  
  14  0:27  Refinery  
  15  0:38  SCV  
  16  0:44  Barracks  
  16  0:50  SCV  
  17  1:03  SCV  
  18  1:15  SCV  
  19  1:31  Orbital Command, Reaper  
  20  1:44  Command Center  
  20  1:55  Factory  
  20  1:58  SCV  
  21  2:05  Barracks Reactor  
  21  2:10  SCV  
  21  2:14  Supply Depot  
  22  2:16  Refinery  
  22  2:22  SCV  
  23  2:35  SCV  
  24  2:43  Starport  
  24  2:47  SCV  
  24  2:49  Hellion x2  
  29  2:56  Orbital Command  
  29  3:00  SCV  
  30  3:10  Hellion  
  30  3:11  Hellion  
  34  3:15  SCV  
  35  3:26  Starport Tech Lab, Barracks Tech Lab  
  35  3:27  SCV  
  35  3:28  SCV  
  37  3:39  SCV  
  37  3:40  SCV  
  38  3:42  Factory Tech Lab, Marine x2  
  38  3:45  Raven  
  42  3:48  Supply Depot  
  42  3:50  Bunker  
  42  3:51  SCV  
  42  3:52  SCV  
  44  3:59  Marine  
  44  4:00  Marine  
  46  4:10  SCV x2, Siege Tank  
  51  4:18  Marine x2  
  51  4:24  SCV  
  54  4:26  Supply Depot  
  54  4:28  SCV  
  54  4:30  Refinery  
  55  4:36  SCV  
  56  4:40  SCV, Viking x2  
  56  4:44  Supply Depot  
  61  4:48  SCV, Siege Tank  
  65  4:53  SCV  
  66  5:00  Supply Depot, SCV, Marine  
  66  5:05  SCV  
  69  5:10  Viking  
  69  5:12  Viking  
  69  5:14  SCV  
  74  5:17  SCV  
  74  5:21  Siege Tank, Marine  
  78  5:26  Supply Depot  
  79  5:30  SCV x2  
  81  5:40  Viking  
  81  5:42  SCV, Viking  
  86  5:48  Supply Depot, SCV, Marine  
  88  5:54  Barracks  
  88  5:55  Supply Depot  
  88  5:59  Barracks  
  88  6:00  SCV, Siege Tank, Refinery  
  88  6:02  SCV  
  93  6:12  SCV  
  93  6:14  SCV  
  93  6:18  Viking  
  93  6:19  Viking  
  93  6:23  Engineering Bay  
  93  6:24  Marine  
  93  6:25  Engineering Bay  
  93  6:38  Siege Tank  
  94  6:40  Command Center  
  94  6:42  SCV x2  
  96  6:48  Barracks Reactor  
  96  6:50  Barracks Reactor  
  96  6:54  SCV x2  
  96  6:55  Marine  
  96  7:00  Supply Depot  
  99  7:06  SCV  
Show
View Real Time Build Order
Export as new Build Order

Epic Terran - Winner!

Build Orders:  

Get SALT Encoding   

  12  0:00  SCV  
  13  0:12  SCV  
  14  0:17  Supply Depot  
  14  0:24  SCV  
  15  0:29  Refinery  
  15  0:39  SCV  
  16  0:43  Barracks  
  16  0:51  SCV  
  16  0:53  Refinery  
  17  1:03  SCV  
  18  1:15  SCV  
  19  1:30  Orbital Command, Reaper  
  20  1:34  Factory  
  20  1:44  Supply Depot  
  20  1:56  SCV  
  21  2:03  Reaper  
  21  2:08  SCV  
  23  2:19  Hellion  
  23  2:20  SCV  
  26  2:30  Command Center  
  26  2:34  SCV  
  26  2:36  Barracks Reactor  
  27  2:42  Starport  
  27  2:46  Factory Tech Lab  
  27  2:49  SCV  
  28  2:54  Supply Depot  
  28  3:01  SCV  
  29  3:14  Marine x2  
  29  3:15  Cyclone  
  29  3:17  SCV  
  33  3:28  Starport Tech Lab  
  33  3:29  SCV  
  33  3:33  Marine x2  
  36  3:41  SCV  
  37  3:47  Raven  
  39  3:52  Orbital Command  
  39  3:53  SCV  
  39  3:55  Marine x2  
  42  4:05  SCV  
  42  4:06  Siege Tank  
  42  4:20  SCV x2  
  45  4:28  Supply Depot  
  44  4:33  SCV x2  
  44  4:38  Siege Tank  
  49  4:39  Barracks  
  49  4:43  Barracks, Marine  
  49  4:45  SCV x2  
  52  4:48  Stimpack  
  52  4:55  Supply Depot  
  52  4:57  SCV x2, Starport Reactor  
  54  5:00  Marine  
  54  5:06  Command Center  
  55  5:10  SCV x2  
  57  5:16  Refinery  
  57  5:18  Refinery  
  57  5:22  Supply Depot  
  57  5:23  Siege Tank  
  57  5:25  SCV  
  57  5:26  SCV  
  62  5:31  Marine x2  
  62  5:32  Marine  
  65  5:37  SCV  
  65  5:38  SCV, Starport Reactor  
  65  5:39  Marine x2  
  68  5:49  SCV  
  69  5:50  SCV  
  69  5:52  Supply Depot  
  69  5:55  Supply Depot  
  70  5:57  Marine x3  
  70  5:58  Siege Tank  
  70  6:00  Marine  
  77  6:06  SCV  
  78  6:13  Marine  
  78  6:14  SCV  
  54  6:18  SCV, Orbital Command  
  80  6:21  Medivac x2  
  85  6:26  Engineering Bay x2, SCV  
  85  6:32  Marine x5  
  89  6:36  Siege Tank  
  94  6:44  SCV x2  
  94  6:45  Orbital Command  
  96  6:52  Supply Depot  
  96  6:53  Supply Depot  
Tags
 
Add a new tag
Caveats
  • Supply blocks, unpowered buildings, or Contaminate may cause inaccurate times.
  • Supply counts are checked every 10 seconds.